| TOP OF THE 1ST |
|
Oakland Oaks batting - Pitching for Amarillo ThunderHeads : RHP Jerry Foster
|
|
Pitching: RHP Jerry Foster
|
|
|
Batting: RHB Chris Bohm
|
0-0: Ball 1-0: Called Strike 1-1: Ball 2-1: Ball 3-1: Foul Ball, location: 2F 3-2: Foul Ball, location: 2F 3-2: Base on Balls
|
|
Batting: RHB Scott Lister
|
0-0: Ball 1-0: Ball 2-0: Hit by Pitch Chris Bohm to second
|
|
Batting: LHB Ed Talamantes
|
0-0: Ball 1-0: Foul Ball, location: 2F 1-1: Ball 2-1: Foul Ball, location: 2F 2-2: Ball 3-2: Foul Ball, location: 2F 3-2: Base on Balls Chris Bohm to third Scott Lister to second
|
|
Batting: LHB Felipe Gomez
|
0-0: Called Strike 0-1: Ball 1-1: Ball 2-1: Ball 3-1: Fly out, F9 (Flyball, 9LD, EV 92.5 MPH) Runner from 3rd tags up, SCORES, throw by RF Scott Lister to third
|
|
Batting: RHB Chris Temple
|
0-0: Called Strike 0-1: Fly out, F9 (Line Drive, 9S, EV 90.6 MPH)
|
|
Batting: LHB Marcus Pollard
|
0-0: Ball 1-0: Ball 2-0: Ball 3-0: Called Strike 3-1: Called Strike 3-2: Base on Balls Ed Talamantes to second
|
|
Batting: RHB Don Burt
|
0-0: Called Strike 0-1: Called Strike 0-2: Ball 1-2: Strikes out swinging
|
| Top of the 1st over - 1 run, 0 hits, 0 errors, 3 left on base; Oakland 1 - Amarillo 0 |
| BOTTOM OF THE 1ST |
|
Amarillo ThunderHeads batting - Pitching for Oakland Oaks : RHP Jasper Schrijver
|
|
Pitching: RHP Jasper Schrijver
|
|
|
Batting: LHB Eddie Reyes
|
0-0: Bunt for hit to 3S - play at first, batter OUT! 3-4
|
|
Batting: RHB Ron Squires
|
0-0: SINGLE (Groundball, 56D, EV 101.9 MPH)
|
|
Batting: LHB Santino Pisanello
|
0-0: Called Strike 0-1: Ball 1-1: Ball Ron Squires steals 2nd base 2-1: Ball 3-1: SINGLE (Line Drive, 6D, EV 98.8 MPH) Ron Squires to third Runner from 3rd tries for Home, throw by LF and OUT! 7-2
|
|
Batting: RHB Bill Flannery
|
0-0: Fly out, F8 (Line Drive, 8RM, EV 85.6 MPH)
|
| Bottom of the 1st over - 0 runs, 2 hits, 0 errors, 1 left on base; Oakland 1 - Amarillo 0 |
| TOP OF THE 2ND |
|
Oakland Oaks batting - Pitching for Amarillo ThunderHeads : RHP Jerry Foster
|
|
Batting: RHB Travis Robinson
|
0-0: Ball 1-0: Swinging Strike 1-1: Swinging Strike 1-2: Ball 2-2: Ball 3-2: Strikes out swinging
|
|
Batting: RHB Tim Anderson
|
0-0: Ball 1-0: Ground out 5-3 (Groundball, 56, EV 79.4 MPH)
|
|
Batting: RHB Chris Bohm
|
0-0: Ball 1-0: Ball 2-0: Called Strike 2-1: Foul Ball, location: 2F 2-2: Ball 3-2: SOLO HOME RUN (Flyball, 78XD, EV 98.8 MPH), Distance : 396 ft
|
|
Batting: RHB Scott Lister
|
0-0: Ball 1-0: Ground out 1-3 (Groundball, 34S, EV 66.9 MPH)
|
| Top of the 2nd over - 1 run, 1 hit, 0 errors, 0 left on base; Oakland 2 - Amarillo 0 |
| BOTTOM OF THE 2ND |
|
Amarillo ThunderHeads batting - Pitching for Oakland Oaks : RHP Jasper Schrijver
|
|
Batting: RHB Eric Camillo
|
0-0: Ball 1-0: Ball 2-0: Ball 3-0: Base on Balls
|
|
Batting: RHB Eric Juarez
|
0-0: Called Strike 0-1: Foul Ball, location: 2F 0-2: Grounds into double play, 5-4-3 (Groundball, 5, EV 77.5 MPH)
|
|
Batting: RHB Sam Voss
|
0-0: Fly out, F6 (Line Drive, 6, EV 69.4 MPH)
|
| Bottom of the 2nd over - 0 runs, 0 hits, 0 errors, 0 left on base; Oakland 2 - Amarillo 0 |
| TOP OF THE 3RD |
|
Oakland Oaks batting - Pitching for Amarillo ThunderHeads : RHP Jerry Foster
|
|
Batting: LHB Ed Talamantes
|
0-0: Foul Ball, location: 2F 0-1: Foul Ball, location: 2F 0-2: Foul Ball, location: 2F 0-2: Fly out, F8 (Flyball, 8RM, EV 88.8 MPH)
|
|
Batting: LHB Felipe Gomez
|
0-0: Ball 1-0: Swinging Strike 1-1: Ball 2-1: Swinging Strike 2-2: SOLO HOME RUN (Flyball, 89XD, EV 100.0 MPH), Distance : 409 ft
|
|
Batting: RHB Chris Temple
|
0-0: Called Strike 0-1: Ball 1-1: Called Strike 1-2: Fly out, F9 (Flyball, 9S, EV 86.2 MPH)
|
|
Batting: LHB Marcus Pollard
|
0-0: Ball 1-0: Swinging Strike 1-1: Fly out, F8 (Flyball, 8LXD, EV 80.6 MPH)
|
| Top of the 3rd over - 1 run, 1 hit, 0 errors, 0 left on base; Oakland 3 - Amarillo 0 |
| BOTTOM OF THE 3RD |
|
Amarillo ThunderHeads batting - Pitching for Oakland Oaks : RHP Jasper Schrijver
|
|
Batting: RHB Josh Shoemaker
|
0-0: Foul Ball, location: 2F 0-1: Called Strike 0-2: Foul Ball, location: 2F 0-2: Ball 1-2: Strikes out looking
|
|
Batting: LHB Tony Gutierrez
|
0-0: Ball 1-0: Called Strike 1-1: Ground out U3 (Groundball, 3, EV 101.2 MPH)
|
|
Batting: LHB Eddie Reyes
|
0-0: Ball 1-0: DOUBLE (Line Drive, 9LS, EV 94.4 MPH)
|
|
Batting: RHB Ron Squires
|
0-0: Called Strike 0-1: Swinging Strike 0-2: Strikes out swinging
|
| Bottom of the 3rd over - 0 runs, 1 hit, 0 errors, 1 left on base; Oakland 3 - Amarillo 0 |
| TOP OF THE 4TH |
|
Oakland Oaks batting - Pitching for Amarillo ThunderHeads : RHP Jerry Foster
|
|
Batting: RHB Don Burt
|
0-0: Ball 1-0: Ball 2-0: Reached on error, E4 (Groundball, 4, EV 85.0 MPH)
|
|
Batting: RHB Travis Robinson
|
0-0: Ball 1-0: Called Strike Don Burt steals 2nd base 1-1: Ball Wild Pitch! Don Burt to third 2-1: Fly out, F8 (Line Drive, 8RD, EV 95.6 MPH) Runner from 3rd tags up, SCORES, throw by CF
|
|
Batting: RHB Tim Anderson
|
0-0: Ball 1-0: Ground out 6-3 (Groundball, 6, EV 86.9 MPH)
|
|
Batting: RHB Chris Bohm
|
0-0: Hit by Pitch
|
|
Batting: RHB Scott Lister
|
0-0: Ball 1-0: Swinging Strike 1-1: Called Strike Chris Bohm steals 2nd base 1-2: Ground out 1-3 (Groundball, 34S, EV 66.2 MPH)
|
| Top of the 4th over - 1 run, 0 hits, 1 error, 1 left on base; Oakland 4 - Amarillo 0 |
| BOTTOM OF THE 4TH |
|
Amarillo ThunderHeads batting - Pitching for Oakland Oaks : RHP Jasper Schrijver
|
|
Batting: LHB Santino Pisanello
|
0-0: Ball 1-0: Ball 2-0: Called Strike 2-1: Called Strike 2-2: SOLO HOME RUN (Flyball, 9D, EV 94.4 MPH), Distance : 358 ft
|
|
Batting: RHB Bill Flannery
|
0-0: Called Strike 0-1: SINGLE (Groundball, 25, EV 71.2 MPH) (infield hit)
|
|
Batting: RHB Eric Camillo
|
0-0: Foul Ball, location: 2F 0-1: Called Strike 0-2: Ball 1-2: Fly out, F4 (Popup, 4M, EV 78.8 MPH)
|
|
Batting: RHB Eric Juarez
|
0-0: Ball 1-0: Foul Ball, location: 2F 1-1: Ball 2-1: Ball 3-1: Base on Balls Bill Flannery to second
|
|
Batting: RHB Sam Voss
|
0-0: Ball 1-0: Grounds into double play, 5-4-3 (Groundball, 56, EV 83.8 MPH)
|
| Bottom of the 4th over - 1 run, 2 hits, 0 errors, 1 left on base; Oakland 4 - Amarillo 1 |
| TOP OF THE 5TH |
|
Oakland Oaks batting - Pitching for Amarillo ThunderHeads : RHP Jerry Foster
|
|
Batting: LHB Ed Talamantes
|
0-0: Ball 1-0: Ball 2-0: Swinging Strike 2-1: Foul Ball, location: 2F 2-2: Ball 3-2: Base on Balls
|
|
Batting: LHB Felipe Gomez
|
0-0: Called Strike 0-1: Ball 1-1: Ball Ed Talamantes steals 2nd base 2-1: Foul Ball, location: 2F 2-2: Ball 3-2: 2-RUN HOME RUN (Flyball, 89XD, EV 106.2 MPH), Distance : 395 ft
|
|
Batting: RHB Chris Temple
|
0-0: Ball 1-0: Swinging Strike 1-1: SINGLE (Groundball, 6MD, EV 101.2 MPH)
|
|
Batting: LHB Marcus Pollard
|
0-0: Called Strike 0-1: Ball 1-1: Reached on error, E5 (Groundball, 56, EV 86.9 MPH) Chris Temple to second
|
|
Batting: RHB Don Burt
|
0-0: Foul Ball, location: 2F 0-1: Swinging Strike 0-2: Ball 1-2: Ball 2-2: SINGLE (Groundball, 56, EV 98.8 MPH) (infield hit) Chris Temple to third Marcus Pollard to second
|
|
Pitching: RHP Elias Sagrero
|
|
|
Batting: RHB Travis Robinson
|
0-0: Ball 1-0: Ball 2-0: Ball 3-0: Called Strike 3-1: DOUBLE (Line Drive, 89XD, EV 106.9 MPH) Chris Temple scores Marcus Pollard scores Don Burt to third
|
|
Batting: RHB Tim Anderson
|
0-0: Ground out 6-3 (Groundball, 6, EV 83.1 MPH) Don Burt scores
|
|
Batting: RHB Chris Bohm
|
0-0: Ball 1-0: Ball 2-0: 2-RUN HOME RUN (Line Drive, 78XD, EV 99.4 MPH), Distance : 395 ft
|
|
Batting: RHB Scott Lister
|
0-0: Ball 1-0: Fly out, F9 (Flyball, 89M, EV 91.9 MPH)
|
|
Batting: LHB Ed Talamantes
|
0-0: Foul Ball, location: 2F 0-1: Swinging Strike 0-2: Ball 1-2: SINGLE (Line Drive, 9S, EV 98.8 MPH)
|
|
Batting: LHB Felipe Gomez
|
0-0: Foul Ball, location: 2F 0-1: Foul Ball, location: 2F 0-2: Ball 1-2: Foul Ball, location: 2F 1-2: Ball 2-2: 2-RUN HOME RUN (Flyball, 9D, EV 95.0 MPH), Distance : 353 ft
|
|
Pitching: RHP Tyler Romo
|
|
|
Batting: RHB Chris Temple
|
0-0: Called Strike 0-1: Ball 1-1: SINGLE (Groundball, 34D, EV 98.8 MPH)
|
|
Batting: LHB Marcus Pollard
|
0-0: Ball Balk! Chris Temple to second 1-0: Swinging Strike 1-1: Called Strike 1-2: SINGLE (Line Drive, 4D, EV 96.9 MPH) Chris Temple to third Runner from 3rd tries for Home, SAFE, throw by CF to home
|
|
Batting: RHB Don Burt
|
0-0: Ball 1-0: Swinging Strike 1-1: Foul Ball, location: 2F 1-2: Ball 2-2: Foul Ball, location: 2F 2-2: Fielders Choice at 2nd, 6-4 (Groundball, 6, EV 104.4 MPH)
|
| Top of the 5th over - 10 runs, 9 hits, 1 error, 1 left on base; Oakland 14 - Amarillo 1 |
| BOTTOM OF THE 5TH |
|
Amarillo ThunderHeads batting - Pitching for Oakland Oaks : RHP Jasper Schrijver
|
|
Batting: RHB Josh Shoemaker
|
0-0: Ground out 5-3 (Groundball, 56, EV 86.2 MPH)
|
|
Batting: LHB Tony Gutierrez
|
0-0: Called Strike 0-1: Called Strike 0-2: Ball 1-2: SINGLE (Groundball, 34D, EV 107.5 MPH)
|
|
Batting: LHB Eddie Reyes
|
0-0: Ball 1-0: Ball 2-0: Foul Ball, location: 2F 2-1: DOUBLE (Flyball, 78XD, EV 113.1 MPH) Tony Gutierrez to third Runner from 3rd tries for Home, SAFE, no throw by LF
|
|
Batting: RHB Ron Squires
|
0-0: Ball 1-0: Foul Ball, location: 2F 1-1: Ground out 1-3 (Groundball, 13S, EV 65.6 MPH) Eddie Reyes to third
|
|
Batting: LHB Santino Pisanello
|
0-0: Called Strike 0-1: Ball 1-1: Ball 2-1: Ball 3-1: Called Strike 3-2: Foul Ball, location: 2F 3-2: Base on Balls
|
|
Batting: RHB Bill Flannery
|
0-0: Ground out U3 (Groundball, 23, EV 86.9 MPH)
|
| Bottom of the 5th over - 1 run, 2 hits, 0 errors, 2 left on base; Oakland 14 - Amarillo 2 |
| TOP OF THE 6TH |
|
Oakland Oaks batting - Pitching for Amarillo ThunderHeads : RHP Tyler Romo
|
|
Batting: RHB Travis Robinson
|
0-0: Called Strike 0-1: Ground out 5-3 (Groundball, 56S, EV 95.0 MPH)
|
|
Batting: RHB Tim Anderson
|
0-0: SINGLE (Groundball, 34D, EV 100.6 MPH)
|
|
Batting: RHB Chris Bohm
|
0-0: Swinging Strike 0-1: Foul Ball, location: 2F 0-2: Ball 1-2: Foul Ball, location: 2F 1-2: Foul Ball, location: 2F Balk! Tim Anderson to second 1-2: Foul Ball, location: 2F 1-2: Foul Ball, location: 2F 1-2: Ball 2-2: SINGLE (Line Drive, 4MD, EV 100.0 MPH) Tim Anderson to third
|
|
Pitching: RHP Antonio Ayala
|
|
|
Batting: RHB Scott Lister
|
0-0: Swinging Strike 0-1: Ball 1-1: Ball 2-1: Fly out, F8 (Line Drive, 8RM, EV 96.2 MPH) Runner from 3rd tags up, SCORES, throw by CF
|
|
Batting: LHB Ed Talamantes
|
0-0: Called Strike 0-1: Foul Ball, location: 2F 0-2: Ball 1-2: Strikes out swinging
|
| Top of the 6th over - 1 run, 2 hits, 0 errors, 1 left on base; Oakland 15 - Amarillo 2 |
| BOTTOM OF THE 6TH |
|
Amarillo ThunderHeads batting - Pitching for Oakland Oaks : RHP Jasper Schrijver
|
|
Batting: RHB Eric Camillo
|
0-0: SINGLE (Line Drive, 7LS, EV 96.2 MPH)
|
|
Batting: RHB Eric Juarez
|
0-0: Ball 1-0: Called Strike 1-1: Ball 2-1: 2-RUN HOME RUN (Flyball, 9D, EV 95.6 MPH), Distance : 367 ft
|
|
Batting: RHB Sam Voss
|
0-0: Fly out, F8 (Flyball, 8RS, EV 80.0 MPH)
|
|
Batting: RHB Josh Shoemaker
|
0-0: Ball 1-0: Swinging Strike 1-1: Ball 2-1: Swinging Strike 2-2: Ball 3-2: Foul Ball, location: 2F 3-2: Foul Ball, location: 2F 3-2: SINGLE (Groundball, 56D, EV 96.9 MPH)
|
|
Batting: LHB Tony Gutierrez
|
0-0: Ball 1-0: Foul Ball, location: 2F 1-1: Ball 2-1: SINGLE (Flyball, 8RS, EV 90.6 MPH) Josh Shoemaker to second
|
|
Batting: LHB Eddie Reyes
|
0-0: Ball 1-0: Swinging Strike 1-1: Ball 2-1: Ball 3-1: Swinging Strike 3-2: Strikes out swinging
|
|
Batting: RHB Ron Squires
|
0-0: Ball 1-0: Foul Ball, location: 2F 1-1: Called Strike 1-2: Foul Ball, location: 2F 1-2: Ball 2-2: SINGLE (Groundball, 34S, EV 72.5 MPH) (infield hit) Josh Shoemaker to third Tony Gutierrez to second
|
|
Batting: LHB Santino Pisanello
|
0-0: Ball 1-0: Swinging Strike 1-1: Fielders Choice at 2nd, 6-4 (Groundball, 56D, EV 86.2 MPH)
|
| Bottom of the 6th over - 2 runs, 5 hits, 0 errors, 3 left on base; Oakland 15 - Amarillo 4 |
| TOP OF THE 7TH |
|
Oakland Oaks batting - Pitching for Amarillo ThunderHeads : RHP Antonio Ayala
|
|
Batting: LHB Felipe Gomez
|
0-0: Ball 1-0: Ball 2-0: Swinging Strike 2-1: Foul Ball, location: 2F 2-2: Strikes out swinging
|
|
Batting: RHB Chris Temple
|
0-0: Ball 1-0: Called Strike 1-1: Ball 2-1: Swinging Strike 2-2: Strikes out swinging
|
|
Batting: LHB Marcus Pollard
|
0-0: Ball 1-0: Ball 2-0: Called Strike 2-1: Fly out, F9 (Flyball, 9, EV 86.9 MPH)
|
| Top of the 7th over - 0 runs, 0 hits, 0 errors, 0 left on base; Oakland 15 - Amarillo 4 |
| BOTTOM OF THE 7TH |
|
Amarillo ThunderHeads batting - Pitching for Oakland Oaks : RHP Jasper Schrijver
|
|
Batting: RHB Bill Flannery
|
0-0: Swinging Strike 0-1: Foul Ball, location: 2F 0-2: Ground out 5-3 (Groundball, 56S, EV 71.2 MPH)
|
|
Batting: RHB Eric Camillo
|
0-0: Called Strike 0-1: Called Strike 0-2: Ball 1-2: TRIPLE (Line Drive, 9D, EV 106.9 MPH)
|
|
Pitching: RHP Manny Tienda
|
|
|
Batting: RHB Eric Juarez
|
0-0: Ground out U3 (Groundball, 34, EV 89.4 MPH) Eric Camillo scores
|
|
Batting: RHB Sam Voss
|
0-0: Called Strike 0-1: Ground out 4-3 (Groundball, 4, EV 89.4 MPH)
|
| Bottom of the 7th over - 1 run, 1 hit, 0 errors, 0 left on base; Oakland 15 - Amarillo 5 |
| TOP OF THE 8TH |
|
Oakland Oaks batting - Pitching for Amarillo ThunderHeads : RHP Antonio Ayala
|
|
Batting: RHB Don Burt
|
0-0: Ball 1-0: Swinging Strike 1-1: Foul Ball, location: 2F 1-2: Ball 2-2: Ball 3-2: Ground out 5-3 (Groundball, 56S, EV 88.1 MPH)
|
|
Batting: RHB Travis Robinson
|
0-0: Ball 1-0: Ball 2-0: Foul Ball, location: 2F 2-1: Foul Ball, location: 2F 2-2: Foul Ball, location: 2F 2-2: Fly out, F7 (Flyball, 7, EV 78.1 MPH)
|
|
Batting: RHB Tim Anderson
|
0-0: Ball 1-0: Ball 2-0: Ball 3-0: Called Strike 3-1: Swinging Strike 3-2: Ground out 4-3 (Groundball, 4, EV 83.1 MPH)
|
| Top of the 8th over - 0 runs, 0 hits, 0 errors, 0 left on base; Oakland 15 - Amarillo 5 |
| BOTTOM OF THE 8TH |
|
Amarillo ThunderHeads batting - Pitching for Oakland Oaks : RHP Manny Tienda
|
|
Batting: RHB Josh Shoemaker
|
0-0: Ball 1-0: Foul Ball, location: 2F 1-1: Foul Ball, location: 2F 1-2: Ground out 6-3 (Groundball, 6, EV 81.9 MPH)
|
|
Batting: LHB Tony Gutierrez
|
0-0: Ball 1-0: Called Strike 1-1: Foul Ball, location: 2F 1-2: Fly out, F7 (Flyball, 78D, EV 81.9 MPH)
|
|
Batting: LHB Eddie Reyes
|
0-0: Ball 1-0: Foul Ball, location: 2F 1-1: Foul Ball, location: 2F 1-2: Ball 2-2: Foul Ball, location: 2F 2-2: Foul Ball, location: 2F 2-2: Fly out, F8 (Line Drive, 89M, EV 92.5 MPH)
|
| Bottom of the 8th over - 0 runs, 0 hits, 0 errors, 0 left on base; Oakland 15 - Amarillo 5 |
| TOP OF THE 9TH |
|
Oakland Oaks batting - Pitching for Amarillo ThunderHeads : RHP Antonio Ayala
|
|
Batting: RHB Chris Bohm
|
0-0: Ball 1-0: Ball 2-0: Foul Ball, location: 2F 2-1: Ball 3-1: Swinging Strike 3-2: Foul Ball, location: 2F 3-2: Foul Ball, location: 2F 3-2: SOLO HOME RUN (Flyball, 7LD, EV 94.4 MPH), Distance : 328 ft
|
|
Batting: RHB Scott Lister
|
0-0: Ball 1-0: Called Strike 1-1: Foul Ball, location: 2F 1-2: Foul Ball, location: 2F 1-2: Strikes out looking
|
|
Batting: LHB Ed Talamantes
|
0-0: Ball 1-0: Ball 2-0: Ball 3-0: Called Strike 3-1: Foul Ball, location: 2F 3-2: Hit by Pitch
|
|
Batting: LHB Felipe Gomez
|
0-0: Called Strike 0-1: Ball 1-1: Foul Ball, location: 2F 1-2: Strikes out swinging
|
|
Batting: RHB Chris Temple
|
0-0: Ball 1-0: Foul Ball, location: 2F 1-1: SINGLE (Line Drive, 4D, EV 95.6 MPH) Ed Talamantes to second
|
|
Batting: LHB Marcus Pollard
|
0-0: Foul Ball, location: 2F 0-1: Ball 1-1: Ball 2-1: Fly out, F7 (Flyball, 7, EV 76.9 MPH)
|
| Top of the 9th over - 1 run, 2 hits, 0 errors, 2 left on base; Oakland 16 - Amarillo 5 |
| BOTTOM OF THE 9TH |
|
Amarillo ThunderHeads batting - Pitching for Oakland Oaks : RHP Manny Tienda
|
|
Batting: RHB Ron Squires
|
0-0: Ball 1-0: SINGLE (Groundball, 34S, EV 63.1 MPH) (infield hit)
|
|
Batting: LHB Santino Pisanello
|
0-0: Swinging Strike 0-1: Ball 1-1: Ball 2-1: SINGLE (Line Drive, 4D, EV 104.4 MPH) Ron Squires to second
|
|
Batting: RHB Bill Flannery
|
0-0: Called Strike 0-1: Ball 1-1: Ball 2-1: Ball 3-1: Swinging Strike 3-2: Fielders Choice at 2nd, 3-6 (Groundball, 3, EV 92.5 MPH) Ron Squires to third
|
|
Batting: RHB Eric Camillo
|
0-0: Ball 1-0: Foul Ball, location: 2F 1-1: Foul Ball, location: 2F 1-2: Hit by Pitch Bill Flannery to second
|
|
Batting: RHB Eric Juarez
|
0-0: Ball 1-0: Ball 2-0: Foul Ball, location: 2F 2-1: Foul Ball, location: 2F 2-2: Strikes out swinging
|
|
Batting: RHB Sam Voss
|
0-0: Foul Ball, location: 2F 0-1: Ball 1-1: SINGLE (Groundball, 5S, EV 76.2 MPH) (infield hit) Ron Squires scores Bill Flannery to third Eric Camillo to second
|
|
Batting: RHB Josh Shoemaker
|
0-0: Ball Wild Pitch! Bill Flannery scores Eric Camillo to third Sam Voss to second 1-0: Ball 2-0: Ball 3-0: Base on Balls
|
|
Batting: LHB Tony Gutierrez
|
0-0: Called Strike 0-1: Ground out 4-3 (Groundball, 34D, EV 87.5 MPH)
|
| Bottom of the 9th over - 2 runs, 3 hits, 0 errors, 3 left on base; Oakland 16 - Amarillo 7 |
|